 Dungeon Crawl Stone Soup version 0.31-a0-828-gb7646bb5e3 (webtiles) character file.

Game seed: 15385536681616899822

104024 Conn the Destroyer (level 16, -8/108 HPs)
             Began as an Octopode Fire Elementalist on Sept 24, 2023.
             Was a High Priest of Sif Muna.
             Mangled by a deep elf blademaster
             ... wielding a +0 rapier
              (14 damage)
             ... on level 3 of the Elven Halls.
             The game lasted 02:14:53 (28508 turns).

Conn the Destroyer (Octopode Fire Elementalist)    Turns: 28508, Time: 02:14:54

Health: -8/108     AC:  3    Str: 23    XL:     16   Next: 37%
Magic:  21/32      EV: 16    Int: 39    God:    Sif Muna [*****.]
Gold:   1103       SH:  5    Dex: 13    Spells: 2/39 levels left

rFire   + + +        p - +7 hammer of Karma {drain, Str+3 Int+6 Stlth+}
rCold   x . .        n - crystal ball of Wucad Mu {*channel}
rNeg    + . .        N - +2 hat {Int+3}
rPois   +            M - amulet "Ostoix" {Reflect Drain rElec Dex+3 SH+5}
rElec   +            f - ring of see invisible
rCorr   .            B - ring of Contention {rPois Str+7}
SInv    +            y - ring of fire
Will    +++..        h - +6 ring of intelligence
Stlth   +++++        c - +6 ring of strength
HPRegen 0.38/turn    Q - ring "Quxzigasch" {rPois Will+}
MPRegen 0.23/turn    U - ring of Gairibuen {Wiz rPois rF++ rN+ Dex-4}
                     Z - ring of willpower

%: reflection, wizardry (x1), channel magic (40%)
@: no status effects
A: almost no armour, amphibious, 8 rings, camouflage 1, gelatinous body 1,
(nimble swimmer 1), tentacles
a: Renounce Religion, Channel Magic, Forget Spell, Divine Exegesis


You were on level 3 of the Elven Halls.
You worshipped Sif Muna.
Sif Muna was extremely pleased with you.
You visited 5 branches of the dungeon, and saw 22 of its levels.
You visited 1 bazaar.
You also visited: Sewer and Gauntlet.

You collected 2252 gold pieces.
You spent 1149 gold pieces at shops.

Inventory:

Hand Weapons
 p - the +7 hammer of Karma (weapon) {drain, Str+3 Int+6 Stlth+}
   (You found it on level 3 of the Dungeon)

   Str+3:     It affects your strength (+3).
   Int+6:     It affects your intelligence (+6).
   Stlth+:    It makes you more stealthy.
 z - the +8 halberd of the Land of Plenty {freeze, rF++ Str+2 Int-4 Stlth+}
   (You bought it in a shop in a bazaar)

   Str+2:     It affects your strength (+2).
   Int-4:     It affects your intelligence (-4).
   rF++:      It greatly protects you from fire.
   Stlth+:    It makes you more stealthy.
 J - the +2 scimitar of the Jester {venom, rC+}
   (You bought it in a shop in a bazaar)

   rC+:       It protects you from cold.
 L - the +7 staff of the Meek {protect, meekguard}
   (You found it on level 10 of the Dungeon)
Missiles
 v - 3 curare-tipped darts (quivered)
 K - a throwing net
Armour
 n - the crystal ball of Wucad Mu (worn) {*channel}
   (You acquired it in a sewer)

   *Channel:  It often returns the magic spent to cast spells, but lowers their
   success rate.
   It always returns the magic spent on miscasts.
 N - a +2 hat of intelligence (worn)
 P - a +1 buckler
Magical Staves
 r - a staff of poison
Jewellery
 a - an amulet of faith
 c - a +6 ring of strength (on tentacle)
 d - an amulet of the acrobat
 f - a ring of see invisible (left tentacle)
 h - a +6 ring of intelligence (on tentacle)
 y - a ring of fire (on tentacle)
 B - the ring of Contention (right tentacle) {rPois Str+7}
   (You found it on level 5 of the Dungeon)

   [ring of poison resistance]

   Str+7:     It affects your strength (+7).
   rPois:     It protects you from poison
 I - an amulet of guardian spirit
 M - the amulet "Ostoix" (around mantle) {Reflect Drain rElec Dex+3 SH+5}
   (You found it on level 11 of the Dungeon)

   [amulet of reflection]

   Reflect:   It reflects blocked missile attacks.
   Dex+3:     It affects your dexterity (+3).
   rElec:     It insulates you from electricity.
   Drain:     It drains your maximum health when unequipped.
   SH+5:      It affects your SH (+5).
 Q - the ring "Quxzigasch" (on tentacle) {rPois Will+}
   (You found it in a Gauntlet)

   [ring of poison resistance]

   rPois:     It protects you from poison Will+: It increases your willpower.
 S - a +4 ring of slaying
 T - an amulet of magic regeneration
 U - the ring of Gairibuen (on tentacle) {Wiz rPois rF++ rN+ Dex-4}
   (You found it in a Gauntlet)

   [ring of wizardry]

   Wiz:       It improves your spell success rate.
   Dex-4:     It affects your dexterity (-4).
   rF++:      It greatly protects you from fire.
   rPois:     It protects you from poison rN+: It protects you from negative
   energy.
 Z - a ring of willpower (on tentacle)
Wands
 x - a wand of flame (43)
 A - a wand of roots (14)
 C - a wand of mindburst (18)
 O - a wand of polymorph (4)
 W - a wand of charming (7)
Scrolls
 b - 7 scrolls of teleportation
 j - a scroll of brand weapon
 l - 6 scrolls of identify
 o - a scroll of noise
 s - 4 scrolls of amnesia
 t - a scroll of fear
 D - 2 scrolls of silence
 E - a scroll of fog
 F - a scroll of poison
 G - 2 scrolls of vulnerability
Potions
 e - 3 potions of attraction
 g - a potion of resistance
 i - 4 potions of enlightenment
 m - a potion of might
 u - 7 potions of curing
 w - a potion of berserk rage
 H - 3 potions of mutation
 V - a potion of cancellation {unknown}
Miscellaneous
 R - a lightning rod (4/4)
 X - a phantom mirror
 Y - a tin of tremorstones (2/2)


   Skills:
 + Level 9.0 Fighting
 - Level 5.2 Maces & Flails
 - Level 8.0 Dodging
 - Level 6.0 Stealth
 - Level 7.0 Shields
 * Level 12.0 Spellcasting
 * Level 12.8 Conjurations
 - Level 5.0 Hexes
 + Level 6.9 Translocations
 + Level 9.5 Fire Magic
 - Level 4.0 Ice Magic
 + Level 6.5 Earth Magic
 * Level 10.8 Invocations


You had 2 spell levels left.
You knew the following spells:

 Your Spells              Type           Power      Damage    Failure   Level
a - Foxfire               Conj/Fire      100%       2x1d9     1%          1
b - Scorch                Fire           100%       2d9       1%          2
c - Inner Flame           Hex/Fire       88%        N/A       1%          3
d - Flame Wave            Conj/Fire      100%       2d21      1%          4
e - Blink                 Tloc           100%       N/A       1%          2
f - Ozocubu's Armour      Ice            53%        N/A       1%          3
g - Bombard               Conj/Erth      39%        9d7       5%          6
h - Brom's Barrelling Bo  Conj/Erth      78%        2d9       1%          4
i - Summon Lightning Spi  Summ/Air       23%        N/A       14%         4
j - Lee's Rapid Deconstr  Erth           32%        3d17*     4%          5
k - Mephitic Cloud        Conj/Pois/Air  54%        N/A       1%          3

Your spell library contained the following spells:

 Spells                   Type           Power      Damage    Failure   Level
 Jinxbite                 Hex            100%       N/A       1%          2
 Momentum Strike          Conj/Tloc      100%       3d10      1%          2
 Sting                    Tmut/Pois      92%        1d7       2%          1
 Poisonous Vapours        Pois/Air       46%        N/A       3%          2
 Sublimation of Blood     Necr           23%        N/A       3%          2
 Wereblood                Tmut           23%        N/A       3%          2
 Dazzling Flash           Conj/Hex       100%       N/A       1%          3
 Gell's Gravitas          Tloc           67%        N/A       1%          3
 Hailstorm                Conj/Ice       73%        3d15      1%          3
 Teleport Other           Tloc           67%        N/A       1%          3
 Volatile Blastmotes      Fire/Tloc      100%       2d18      1%          3
 Fulminant Prism          Conj/Hex       37%        3d17      1%          4
 Manifold Assault         Tloc           67%        N/A       1%          4
 Sticky Flame             Conj/Fire      100%       2d11      1%          4
 Iskenderun's Battlesphe  Conj           89%        2d14      1%          5
 Dimensional Bullseye     Hex/Tloc       31%        N/A       2%          4
 Leda's Liquefaction      Hex/Erth       31%        N/A       2%          4
 Cause Fear               Hex            29%        N/A       3%          4
 Vhi's Electric Charge    Tloc/Air       100%       N/A       4%          4
 Arcjolt                  Conj/Air       32%        1d42      4%          5
 Anguish                  Hex/Necr       21%        N/A       6%          4
 Orb of Destruction       Conj           44%        9d12      8%          7
 Summon Forest            Summ/Tloc      25%        N/A       10%         5
 Dispersal                Tloc           33%        N/A       12%         6
 Olgreb's Toxic Radiance  Pois           23%        N/A       14%         4
 Spellforged Servitor     Conj/Summ      32%        N/A       52%         7
 Enfeeble                 Hex            29%        N/A       69%         7
 Eringya's Noxious Bog    Tmut/Pois      11%        4d6       78%         6
 Ozocubu's Refrigeration  Ice            26%        4d13      80%         7
 Summon Hydra             Summ           11%        N/A       99%         7
 Maxwell's Capacitive Co  Air            11%        ∞         100%        8
 Fire Storm               Conj/Fire      52%        8d13      100%        9


Dungeon Overview and Level Annotations

Branches:
Dungeon (11/15)            Temple (1/1) D:7            Lair (5/5) D:10
 Shoals (0/4) Lair:2        Snake (0/4) Lair:2        Slime (0/5) Lair:5
    Orc (2/2) D:11            Elf (3/3) Orc:2         Sewer (visited)
Gauntlet (visited)

Altars:
Ashenzari
Cheibriados
Dithmenos
Elyvilon
Fedhas
Gozag
Hepliaklqana
Kikubaaqudgha
Makhleb
Nemelex Xobeh
Okawaru
Qazlal
Ru
Sif Muna
Trog
Uskayaw
Vehumet
Wu Jian
Xom
Yredelemnul
Zin
The Shining One
Jiyva
Lugonu

Shops:
Orc:2 (*[:

Annotations:
D:9 2 runed translucent doors, exclusion: statue, Opifex's ghost, novice TeMo
Lair:1 Jeremiah; Nergalle
Orc:1 2 transporters, Mindmass's ghost, journeyman HuCj
Elf:1 Zenata


Innate Abilities, Weirdness & Mutations

You cannot wear most types of armour.
You are amphibious.
You can wear up to eight rings at the same time.
Your skin changes colour to match your surroundings (Stealth+).
Your rubbery body absorbs attacks. (AC +1, EV +1)
((You are camouflaged when in or above water. (Stealth+)))
You have tentacles for arms and can constrict up to eight enemies at once.


Message History

Casting: Flame Wave (mildly dangerous; 1% risk of failure)
Confirm with . or Enter, or press ? or * to list all spells.
Aiming: Bombard (dangerous; 5% risk of failure)
Press: ? - help, Shift-Dir - straight line, f - deep elf blademaster
Aim: a deep elf blademaster, wielding two +0 rapiers and wearing a +0 leather armour (severely wounded, confused, 70% to hit)
The iron shot misses the deep elf blademaster.
Magical energy flows into your mind!
The deep elf blademaster screams, "NO!
I can't bear this much noise."
The deep elf blademaster hits you with a +0 rapier!!
* * * LOW HITPOINT WARNING * * *
You block the deep elf blademaster's attack.
Casting: Bombard (dangerous; 5% risk of failure)
Confirm with . or Enter, or press ? or * to list all spells.
Aiming: Bombard (dangerous; 5% risk of failure)
Press: ? - help, Shift-Dir - straight line, f/p - deep elf blademaster
Aim: a deep elf blademaster, wielding two +0 rapiers and wearing a +0 leather armour (severely wounded, confused, 70% to hit)
Okay, then.
Unknown command.
Casting: Bombard (dangerous; 5% risk of failure)
Confirm with . or Enter, or press ? or * to list all spells.
Okay, then.
Unknown command.
Unknown command.
Unknown command.
Casting: Bombard (dangerous; 5% risk of failure)
Confirm with . or Enter, or press ? or * to list all spells.
You blink.
Magical energy flows into your mind!
Casting: Blink (safe; 1% risk of failure)
Confirm with . or Enter, or press ? or * to list all spells.
Okay, then.
Okay, then.
You feel much better.
You feel ready to blink again.
The deep elf blademaster seems less confused.
The deep elf blademaster barely misses you.
You block the deep elf blademaster's attack.
The deep elf blademaster hits you with a +0 rapier!
* * * LOW HITPOINT WARNING * * *
The deep elf blademaster hits you with a +0 rapier!
You die...

,,,**,,.....#...'## #####.[.####
,,***,*##########.## #...........
,****,#.,,,**,* ##.####......####
*****,#,,,,,,,* #.....#.....#
*,,,,,*,,,,*,+** #.#.#...#####
*,*****,,,,*,,,* #.....#### *,,*
*,,***,,,* #.#.#..#.### *,** *,**
*,,,###..........##
+******+****,,,#@e.#.........###
,,,*,,,,,........#.##..........##
,*,*,**,,...#.#..#.#'....8.......
**,*,**,,........#.#####......#.#
**,*,**+*#..#.#..#.....#.........
*,*,**+*##.....######.#....#.#.#
*,*,*,,,,##....#....#.##.###....
**,*,*,,,,*#.........#.#..###.#.#
,*,*,*,,,,,****#.....#.#....#....


You could see a deep elf blademaster.

Vanquished Creatures
  Saint Roka (Orc:2)
  Gastronok (Lair:2)
  Agnes (Elf:2)
  2 deep elf elementalists
  An orc warlord (Orc:2)
  Azrael (Elf:2)
  A minotaur (Gauntlet)
  A deep elf annihilator (Elf:1)
  A blizzard demon (Gauntlet)
  An ettin (Orc:2)
  A deep elf death mage (Elf:3)
  Josephine (Lair:3)
  2 hydras
  Harold (Lair:1)
  Erica (D:11)
  A catoblepas (Lair:5)
  4 two-headed ogres
  20 dancing weapons (Elf:2)
  2 orc high priests
  Sonja (D:11)
  13 deep elf knights
  A skyshark (Lair:4)
  8 deep elf archers
  17 deep elf pyromancers
  A necromancer (Gauntlet)
  4 orc knights (Orc:2)
  14 deep elf zephyrmancers
  2 cyclopes
  6 orc sorcerers
  A merfolk siren (Lair:2)
  9 elephants (Lair:5)
  8 black mambas
  A torpor snail (Lair:4)
  6 cane toads
  2 kobold demonologists (D:11)
  2 rime drakes
  6 komodo dragons
  2 ice devils (Gauntlet)
  2 trolls
  5 hornets
  8 polar bears
  18 blink frogs
  10 dream sheep
  15 spriggans (Lair:5)
  A shadow (D:10)
  8 wraiths
  28 yaks
  An air elemental (Elf:2)
  6 wyverns
  3 basilisks
  4 fire elementals
  Menkaure (D:7)
  An acid dragon (D:9)
  18 water moccasins
  A hell hound (Elf:1)
  25 orc warriors
  2 sky beasts
  6 black bears
  2 ice beasts
  Pargi (Sewer)
  4 boggarts (Lair:5)
  5 ogres
  36 wolves
  3 centaurs
  A phantom (D:4)
  4 kobold brigands
  13 bullfrogs
  5 gnoll sergeants
  2 scorpions
  2 earth elementals
  16 killer bees
  4 electric eels
  2 howler monkeys
  4 crimson imps (D:7)
  A lava snake (D:10)
  4 jellies
  Crazy Yiuf (D:3)
  16 orc priests
  A gnoll bouda (D:5)
  4 hounds
  2 sleepcaps
  Terence (D:2)
  3 iguanas
  31 orc wizards
  A hell rat (Lair:5)
  26 gnolls
  3 river rats (D:6)
  6 adders
  2 shadow imps (D:5)
  14 white imps
  3 ufetubi
  A worm (D:6)
  85 orcs
  6 bats
  7 endoplasms
  3 giant cockroaches
  3 goblins
  8 hobgoblins
  7 jackals
  19 kobolds
  4 quokkas
  9 ball pythons
  4 frilled lizards
  4 rats
  2 boulders
696 creatures vanquished.

Vanquished Creatures (collateral kills)
  A deep elf knight (Elf:1)
  A fire elemental (Elf:1)
  A hell hound (Elf:1)
  3 orc warriors
  7 boulders
  11 foxfires
24 creatures vanquished.

Vanquished Creatures (others)
  20 boulders
  1769 foxfires
1789 creatures vanquished.

Grand Total: 2509 creatures vanquished

Notes
Turn   | Place    | Note
-------+----------+-------------------------------------------
     0 | D:1      | Conn the Octopode Fire Elementalist began the quest for the
                  | Orb.
     0 | D:1      | Reached XP level 1. HP: 11/11 MP: 3/3
   348 | D:1      | Reached XP level 2. HP: 15/17 MP: 3/5
  1224 | D:1      | Learned a level 2 spell: Scorch
  1229 | D:2      | Reached XP level 3. HP: 19/21 MP: 1/6
  1503 | D:2      | Noticed Terence
  1518 | D:2      | Killed Terence
  1519 | D:2      | Reached XP level 4. HP: 6/27 MP: 0/7
  1765 | D:2      | Found a faded altar of an unknown god.
  2003 | D:2      | Learned a level 3 spell: Inner Flame
  2217 | D:3      | Found a glowing golden altar of the Shining One.
  2461 | D:3      | Noticed a centaur
  2466 | D:3      | Killed a centaur
  2467 | D:3      | Reached XP level 5. HP: 16/31 MP: 1/9
  2555 | D:3      | Found a runed translucent door.
  2556 | D:3      | Noticed Crazy Yiuf
  2561 | D:3      | Killed Crazy Yiuf
  2609 | D:3      | Identified the +7 hammer of Karma {drain, Str+3 Int+6
                  | Stlth+}
  2765 | D:3      | Found a burning altar of Makhleb.
  2955 | D:3      | Found a stormy altar of Qazlal.
  3346 | D:4      | Reached XP level 6. HP: 34/36 MP: 9/11
  3397 | D:4      | Found an iron altar of Okawaru.
  3482 | D:4      | Found a blossoming altar of Fedhas.
  3485 | D:4      | Found a basalt altar of Yredelemnul.
  4576 | D:4      | Reached XP level 7. HP: 34/42 MP: 4/12
  4712 | D:5      | Entered Level 5 of the Dungeon
  4755 | D:5      | Reached skill level 1 in Maces & Flails
  4759 | D:5      | Reached skill level 1 in Fighting
  4904 | D:5      | Found a shimmering blue altar of Sif Muna.
  4907 | D:5      | Became a worshipper of Sif Muna the Loreminder
  5519 | D:5      | Identified the ring of Contention {rPois Str+7}
  5526 | D:5      | Reached skill level 5 in Stealth
  5759 | D:6      | Found a glowing drain.
  5846 | Sewer    | Entered a sewer
  5911 | Sewer    | Noticed Pargi
  5917 | Sewer    | Killed Pargi
  5917 | Sewer    | Reached * piety under Sif Muna
  5918 | Sewer    | Reached XP level 8. HP: 50/50 MP: 6/14
  6059 | Sewer    | Identified a scroll of acquirement
  6059 | Sewer    | Acquired the crystal ball of Wucad Mu {*channel}
  6059 | Sewer    | Found the crystal ball of Wucad Mu {*channel}
  6383 | D:6      | Learned a level 4 spell: Flame Wave
  6750 | D:6      | Reached skill level 1 in Hexes
  6796 | D:6      | Identified the +1 plate armour "Aliko" {rN+ Str+2}
  6804 | D:6      | Reached skill level 5 in Spellcasting
  6804 | D:6      | Reached skill level 5 in Conjurations
  7169 | D:6      | Found a hazy altar of Hepliaklqana.
  7170 | D:6      | Found an ornate altar of the Wu Jian Council.
  7234 | D:7      | Noticed Menkaure
  7469 | D:7      | Found a staircase to the Ecumenical Temple.
  7469 | D:7      | Found an ancient bone altar of Kikubaaqudgha.
  7476 | Temple   | Entered the Ecumenical Temple
  7560 | D:7      | Reached XP level 9. HP: 55/55 MP: 8/16
  7669 | D:7      | Found an opulent altar of Gozag.
  7670 | D:7      | Found a sparkling altar of Nemelex Xobeh.
  8199 | D:7      | Killed Menkaure
  8200 | D:7      | Reached skill level 5 in Fire Magic
  8225 | D:7      | Reached ** piety under Sif Muna
  8368 | D:7      | Found a shimmering altar of Xom.
  9188 | D:8      | Found a hide-covered altar of Uskayaw.
  9223 | D:8      | Reached XP level 10. HP: 63/63 MP: 19/19
  9231 | D:8      | Reached skill level 5 in Dodging
  9425 | D:8      | Noticed a two-headed ogre
  9431 | D:8      | Killed a two-headed ogre
  9431 | D:8      | Reached *** piety under Sif Muna
 10240 | D:9      | Noticed a two-headed ogre
 10248 | D:9      | Killed a two-headed ogre
 10370 | D:9      | Found a white marble altar of Elyvilon.
 10593 | D:9      | Reached skill level 5 in Fighting
 10593 | D:9      | Reached skill level 5 in Maces & Flails
 10593 | D:9      | Reached XP level 11. HP: 71/71 MP: 11/22
 11031 | D:9      | Found a radiant altar of Vehumet.
 11056 | D:9      | Found a large runed translucent door.
 11056 | D:9      | Found a large runed translucent door.
 11213 | D:9      | Learned a level 2 spell: Blink
 11401 | D:9      | Noticed Opifex's ghost (novice TeMo)
 11518 | D:10     | Entered Level 10 of the Dungeon
 11518 | D:10     | Noticed a two-headed ogre
 11525 | D:10     | Killed a two-headed ogre
 11532 | D:10     | Reached **** piety under Sif Muna
 11664 | D:10     | Reached skill level 1 in Shields
 11664 | D:10     | Reached skill level 1 in Translocations
 11664 | D:10     | Reached skill level 1 in Invocations
 11819 | D:10     | Found a staircase to the Lair.
 12176 | D:10     | Found the +7 staff of the Meek {protect, meekguard}
 12836 | D:11     | Noticed a two-headed ogre
 12844 | D:11     | Killed a two-headed ogre
 12975 | D:11     | Noticed Sonja
 12981 | D:11     | Killed Sonja
 12999 | D:11     | Identified the amulet "Ostoix" {Reflect Drain rElec Dex+3
                  | SH+5}
 13040 | D:11     | HP: 2/72 [orc wizard/+0 dagger (4)]
 13288 | D:11     | Reached ***** piety under Sif Muna
 13533 | D:11     | Found a staircase to the Orcish Mines.
 13754 | D:11     | Noticed Erica
 13760 | D:11     | Killed Erica
 13761 | D:11     | Reached XP level 12. HP: 78/78 MP: 17/24
 14051 | Lair:1   | Entered Level 1 of the Lair of Beasts
 14114 | Lair:1   | Noticed Harold
 14123 | Lair:1   | Killed Harold
 14149 | Lair:1   | You fall into a shaft and drop 1 floor!
 14401 | Lair:2   | Found a staircase to the Snake Pit.
 14597 | Lair:2   | Found a staircase to the Shoals.
 14705 | Lair:1   | Reached skill level 5 in Invocations
 14706 | Lair:1   | Noticed Nergalle
 14707 | Lair:1   | Noticed Jeremiah
 14808 | Lair:2   | Learned a level 3 spell: Ozocubu's Armour
 14863 | Lair:2   | Identified the +0 robe of Peurucko {rF+ MP+9 Dex-2}
 14947 | Lair:2   | Reached skill level 5 in Translocations
 15261 | Lair:2   | Noticed Gastronok
 15522 | Lair:2   | Killed Gastronok
 15522 | Lair:2   | Identified Sif Muna's Precepts of the Doomed Gargoyle (Sif
                  | Muna gifted it to you on level 2 of the Lair of Beasts)
 15522 | Lair:2   | Received a gift from Sif Muna
 15523 | Lair:2   | Reached skill level 5 in Shields
 15523 | Lair:2   | Reached XP level 13. HP: 84/84 MP: 20/26
 15826 | Lair:3   | Noticed Josephine
 15913 | Lair:4   | Reached skill level 10 in Conjurations
 16962 | Lair:3   | Killed Josephine
 16963 | Lair:3   | Reached skill level 5 in Hexes
 17640 | Lair:5   | Entered Level 5 of the Lair of Beasts
 18000 | Lair:5   | Reached skill level 1 in Ice Magic
 18198 | Lair:5   | Identified Sif Muna's Sophisticated Incantation (Sif Muna
                  | gifted it to you on level 5 of the Lair of Beasts)
 18198 | Lair:5   | Received a gift from Sif Muna
 18199 | Lair:5   | Reached skill level 10 in Spellcasting
 18252 | Lair:5   | Reached XP level 14. HP: 31/92 MP: 21/28
 18255 | Lair:5   | Found a staircase to the Slime Pits.
 18434 | Lair:4   | Learned a level 6 spell: Bombard
 18539 | Lair:5   | Reached skill level 1 in Earth Magic
 18902 | Lair:5   | Found a viscous altar of Jiyva.
 20311 | Orc:1    | Entered Level 1 of the Orcish Mines
 20405 | Orc:1    | Found a bloodstained altar of Trog.
 20405 | Orc:1    | Noticed an orc warlord
 20413 | Orc:1    | Noticed Mindmass's ghost (journeyman HuCj)
 20423 | Orc:1    | Found a transporter.
 20678 | Orc:1    | Found a burning altar of Makhleb.
 20759 | Orc:1    | Found a transporter.
 20924 | Orc:2    | Entered Level 2 of the Orcish Mines
 21038 | Orc:2    | Noticed Saint Roka
 21039 | Orc:2    | Found a gate leading to a gauntlet.
 21048 | Gauntlet | Entered a Gauntlet
 21048 | Gauntlet | Found a transporter.
 21164 | Gauntlet | Found a transporter.
 21169 | Gauntlet | Found a transporter.
 21174 | Gauntlet | Found a transporter.
 21194 | Gauntlet | Found a transporter.
 21208 | Gauntlet | Found a transporter.
 21220 | Gauntlet | Found a transporter.
 21228 | Gauntlet | Found a transporter.
 21228 | Gauntlet | Found a transporter.
 21246 | Gauntlet | Found a transporter.
 21271 | Gauntlet | Found a transporter.
 21277 | Gauntlet | Found a transporter.
 21277 | Gauntlet | Found a transporter.
 21292 | Gauntlet | Found a transporter.
 21309 | Gauntlet | Found a transporter.
 21329 | Gauntlet | Found a transporter.
 21354 | Gauntlet | Found a transporter.
 21356 | Gauntlet | Found a transporter.
 21431 | Gauntlet | Identified the ring "Quxzigasch" {rPois Will+}
 21600 | Gauntlet | Identified the ring of Gairibuen {Wiz rPois rF++ rN+ Dex-4}
 21632 | Gauntlet | Learned a level 4 spell: Brom's Barrelling Boulder
 21637 | Gauntlet | Learned a level 4 spell: Summon Lightning Spire
 21643 | Gauntlet | Learned a level 5 spell: Lee's Rapid Deconstruction
 21894 | Orc:2    | Identified Sif Muna's Writings on Vexatious Arcane Combat
                  | (Sif Muna gifted it to you on level 2 of the Orcish Mines)
 21894 | Orc:2    | Received a gift from Sif Muna
 21924 | Orc:2    | Killed Saint Roka
 22224 | Orc:2    | Found a staircase to the Elven Halls.
 22695 | Orc:2    | Noticed an orc warlord
 22724 | Orc:2    | Killed an orc warlord
 23150 | Orc:2    | Reached XP level 15. HP: 87/99 MP: 23/29
 23154 | Orc:2    | Found Bimaxaff's Antique Armour Shop.
 23296 | Orc:2    | Found Goekod's Book Shop.
 23436 | Orc:2    | Found Naqir's Antique Weapon Shop.
 23450 | Orc:2    | Found Xiole's General Store.
 24232 | Orc:2    | Bought a ring of willpower for 375 gold pieces
 24254 | Elf:1    | Entered Level 1 of the Elven Halls
 24430 | Elf:1    | Noticed a deep elf elementalist
 24438 | Elf:1    | Killed a deep elf elementalist
 24886 | Elf:1    | Noticed Zenata
 24891 | Elf:1    | Noticed Azrael
 24980 | Elf:1    | Reached skill level 5 in Earth Magic
 25165 | Elf:2    | Paralysed by an air elemental for 1 turns
 25234 | Elf:2    | Received a gift from Sif Muna
 25623 | Elf:2    | Noticed a deep elf elementalist
 25629 | Elf:2    | Killed a deep elf elementalist
 26006 | Elf:2    | Killed Azrael
 26284 | Elf:2    | Found a runed translucent gate.
 26284 | Elf:2    | Found a runed translucent gate.
 26288 | Elf:2    | Found a runed translucent gate.
 26374 | Elf:2    | Reached skill level 10 in Invocations
 26896 | Elf:2    | Noticed Agnes
 26907 | Elf:2    | Killed Agnes
 26908 | Elf:2    | Reached XP level 16. HP: 82/106 MP: 9/31
 27830 | Elf:3    | Entered Level 3 of the Elven Halls
 27833 | Elf:3    | Identified Sif Muna's Almanac of the Violent Dragon (Sif
                  | Muna gifted it to you on level 3 of the Elven Halls)
 27833 | Elf:3    | Received a gift from Sif Muna
 27839 | Elf:3    | Learned a level 3 spell: Mephitic Cloud
 27924 | Elf:3    | Found a flickering gateway to a bazaar.
 27944 | Bazaar   | Entered a bazaar
 27944 | Bazaar   | Found Couf's Antique Armour Shop.
 27944 | Bazaar   | Found Ryeruick's Distillery.
 27957 | Bazaar   | Found Iffeink's Antique Weapon Shop.
 28011 | Bazaar   | Bought an ancient scimitar for 225 gold pieces
 28011 | Bazaar   | Identified the +2 scimitar of the Jester {venom, rC+} (You
                  | bought it in a shop in a bazaar)
 28011 | Bazaar   | Bought a masterwork halberd for 225 gold pieces
 28011 | Bazaar   | Identified the +8 halberd of the Land of Plenty {freeze,
                  | rF++ Str+2 Int-4 Stlth+} (You bought it in a shop in a
                  | bazaar)
 28033 | Bazaar   | Bought a potion of heal wounds for 60 gold pieces
 28033 | Bazaar   | Bought 3 potions of curing for 108 gold pieces
 28033 | Bazaar   | Bought a potion of resistance for 120 gold pieces
 28074 | Bazaar   | Bought a potion of curing for 36 gold pieces
 28184 | Elf:3    | Noticed a deep elf master archer
 28495 | Elf:3    | Noticed a deep elf blademaster
 28506 | Elf:3    | HP: 1/108 [deep elf blademaster/+0 rapier (26)]
 28508 | Elf:3    | Mangled by a deep elf blademaster

Illustrated notes

Levels and vault maps discovered:
D:1:      nagdon_arrival_zigzag_paths, layout_loops_corners,
          nicolae_figureground_pulse
D:2:      layout_basic, dreamdust_ecumenical_altar_angels_and_demons,
          minmay_pentomino_q2, uniq_terence
D:3:      layout_loops_corners, general_overflow_altar,
          mainiacjoe_overflow_small_starburst, grunt_qazlal_clouds,
          uniq_crazy_yiuf_cottage
D:4:      layout_cave_pods, okawaru_trees_2, nicolae_overflow_squiral,
          serial_column_ruins, column_ruins_columns_straight,
          column_ruins_grid_1, column_ruins_grid_2, column_ruins_open_tiny,
          column_ruins_grid_1, column_ruins_grid_4
D:5:      layout_gridville, kennysheep_mini, dreamdust_princess_bridge,
          hangedman_decor_clover_reticule
D:6:      layout_basic, minitemple, gup_sewer_entry_bubbles
D:7:      wad_lake_hut, layout_cave_pools, grunt_temple_overflow_opulence,
          led_xom_imps, kiku_gazebo_garden_becter, minmay_temple_entry_trees,
          kennysheep_small_circle, uniq_menkaure
D:8:      layout_loops_ring, nicolae_uskayaw_murder_on_the_dancefloor,
          grunt_ministairs_6, minmay_misc_feat_enclosed,
          nicolae_houndstooth_variations
D:9:      layout_loops_corners, elyvilon_altar_3, vehumet_statue,
          ebering_ghost_disaster_area
D:10:     layout_loops_ring, lair_entry_dummy, st_stairs_13,
          kennysheep_pointless_box
D:11:     layout_stronghold, hiddenorc1_lemuel, uniq_sonja, uniq_erica
Temple:   corrupted_temple
Lair:1:   layout_chaotic_city, pond, grunt_megastairs_3,
          infiniplex_staircase_pool_2, uniq_amaemon, uniq_jeremiah,
          uniq_nergalle, uniq_harold
Lair:2:   layout_roguey, minmay_shoals_entry_lonely_mermaid,
          minmay_snake_entry_six_corridors, uniq_gastronok
Lair:3:   layout_gridlike, portal_ice_cave_entry_imps, gammafunk_lair_bear_cave,
          uniq_josephine
Lair:4:   layout_hall_layers
Lair:5:   minmay_lair_end_enchanted_forest, layout_long_grid,
          nicolae_slime_entry_field_trip
Orc:1:    layout_diamond_mine, basic_altar, gammafunk_ghost_wrathful_warriors
Orc:2:    grunt_orc_cross, layout_caves, gauntlet_entry_generic, uniq_saint_roka
Elf:1:    layout_onion_city, minmay_elf_annihilation, uniq_zenata, uniq_azrael
Elf:2:    nicolae_elf_blades_splatter_lattice [grunt_blade_entry_basic],
          layout_rooms, st_stairs_6, uniq_agnes
Elf:3:    elf_hall, layout_geoelf_octagon, serial_shops, bzr_entry_safe,
          serial_co_window_serial, co_window_of_opportunity_a,
          co_window_corner_a, co_window_paths_a, co_window_paths_a,
          co_window_corner_a, co_window_of_opportunity_a, co_window_corner_a,
          co_window_paths_b, co_window_corner_a, co_window_2corner,
          co_window_of_opportunity_b, co_window_cross_4,
          co_window_unsneaky_path_e, co_window_corner_b,
          co_window_of_opportunity_b, glass_columns_b, glass_columns_c,
          glass_columns_a, glass_columns_a, glass_columns_a

Skill      XL: |  1  2  3  4  5  6  7  8  9 10 11 12 13 14 15 16 |
---------------+-------------------------------------------------+-----
Stealth        | 3 4 5 6 |  6.0
Conjurations   | 2 3 4 5 6 7 8 9 10 11 12 | 12.8
Spellcasting   | 3 4 5 6 7 8 9 10 11 12 | 12.0
Dodging        | 3 4 5 6 7 8 |  8.0
Maces & Flails | 1 2 3 5 |  5.2
Fighting       | 1 2 3 5 6 7 8 9 |  9.0
Fire Magic     | 4 5 6 7 8 9 |  9.5
Hexes          | 1 3 4 5 |  5.0
Shields        | 3 5 6 7 |  7.0
Translocations | 3 5 6 |  6.9
Invocations    | 3 5 7 8 10 | 10.8
Ice Magic      | 1 4 |  4.0
Earth Magic    | 4 6 |  6.5

Action                     |  1- 3 |  4- 6 |  7- 9 | 10-12 | 13-15 | 16-18 || total
---------------------------+-------+-------+-------+-------+-------+-------++-------
  Melee: Dagger            |    29 |    19 |       |       |       |       ||    48
         Tentacles         |     8 |     4 |     5 |     9 |     8 |       ||    34
         Constrict         |     6 |     3 |    12 |     4 |     3 |       ||    28
         Mace              |       |    10 |    33 |    39 |    27 |       ||   109
         Punch             |       |       |       |       |     1 |       ||     1
  Throw: Dart              |       |       |       |     2 |    12 |       ||    14
   Cast: Foxfire           |    45 |    74 |   199 |   195 |   501 |    12 ||  1026
         Scorch            |     2 |    13 |    48 |    77 |   171 |     7 ||   318
         Inner Flame       |       |     1 |     6 |    26 |    99 |     4 ||   136
         Flame Wave        |       |       |     3 |    31 |    56 |     8 ||    98
         Blink             |       |       |       |     1 |    10 |     1 ||    12
         Brom's Barrelling |       |       |       |       |    41 |     1 ||    42
         Ozocubu's Armour  |       |       |       |       |     4 |       ||     4
         Bombard           |       |       |       |       |    37 |    38 ||    75
         Summon Lightning  |       |       |       |       |     7 |     1 ||     8
         Lee's Rapid Decon |       |       |       |       |     5 |       ||     5
         Mephitic Cloud    |       |       |       |       |       |     5 ||     5
 Invoke: Channel Magic     |       |       |     1 |     2 |     4 |       ||     7
  Evoke: Wand              |       |       |     1 |       |     2 |       ||     3
    Use: Scroll            |     2 |     5 |    13 |     4 |    13 |     2 ||    39
         Potion            |       |       |     6 |     5 |     9 |     1 ||    21
   Stab: Sleeping          |     2 |     4 |     7 |     6 |       |       ||    19
 Armour: Skin              |    20 |    17 |    42 |    61 |   283 |    18 ||   441
  Dodge: Dodged            |    36 |    14 |    53 |    59 |   141 |    14 ||   317
  Block: Orb               |       |       |       |     8 |    53 |     4 ||    65
         Reflection        |       |       |       |       |     8 |     1 ||     9

Table legend: (Time is in decaauts)
 A = Elapsed time spent in this place.
 B = Non-inter-level travel time spent in this place.
 C = Inter-level travel time spent in this place.
 D = Time resting spent in this place.
 E = Time spent auto-exploring this place.
 F = Levels seen in this place.
 G = Mean time per level.
                   A        B        C        D        E       F      G
               +--------+--------+--------+--------+--------+-----+--------+
         Total |  28514 |  27700 |    814 |   4360 |  15649 |  25 | 1140.6 |
       Dungeon |  13641 |  13118 |    523 |    846 |   9375 |  11 | 1240.1 |
        Temple |     30 |     21 |      9 |      0 |      0 |   1 |   30.0 |
          Lair |   6215 |   6037 |    178 |   1560 |   2644 |   5 | 1243.0 |
  Orcish Mines |   3086 |   3049 |     37 |    440 |   1486 |   2 | 1543.0 |
   Elven Halls |   4058 |   3992 |     66 |   1272 |   1535 |   3 | 1352.7 |
        Bazaar |    178 |    178 |      0 |      0 |      0 |   1 |  178.0 |
         Sewer |    462 |    462 |      0 |     19 |    312 |   1 |  462.0 |
      Gauntlet |    840 |    840 |      0 |    223 |    296 |   1 |  840.0 |
               +--------+--------+--------+--------+--------+-----+--------+

Top non-repeatable levels by time:
   Elf:2: 2815 daAuts
   Orc:2: 2269 daAuts
  Lair:4: 1892 daAuts
     D:6: 1709 daAuts
  Lair:2: 1563 daAuts
  Lair:5: 1543 daAuts
     D:9: 1518 daAuts
    D:11: 1442 daAuts
     D:4: 1371 daAuts
     D:3: 1274 daAuts
     D:1: 1272 daAuts
     D:7: 1151 daAuts
    D:10: 1110 daAuts
  Lair:3: 1082 daAuts
     D:8: 1033 daAuts
